 Dungeon Crawl Stone Soup version 0.20-a0-1101-g1de9d76 (webtiles) character file.

129 Alarkh the Chopper (level 4, -1/35 HPs)
             Began as a Demonspawn Berserker on May 4, 2017.
             Was a Believer of Trog.
             Slain by an adder (3 damage)
             ... on level 3 of the Dungeon.
             The game lasted 00:01:56 (3071 turns).

Alarkh the Chopper (Demonspawn Berserker)           Turns: 3071, Time: 00:01:56

Health: -1/35      AC:  5    Str: 17    XL:     4   Next: 88%
Magic:  4/4        EV: 12    Int:  9    God:    Trog [**....]
Gold:   153        SH:  0    Dex: 16    Spells: 3/3 levels left

rFire    + . .     SeeInvis .   a - +0 hand axe
rCold    . . .     Gourm    .   (no shield)
rNeg     . . .     Faith    .   b - +0 animal skin
rPois    .         Spirit   .   (no helmet)
rElec    .         Reflect  .   j - +2 cloak
rCorr    .         Harm     .   (no gloves)
MR       .....                  (no boots)
Stlth    +.........             f - amulet of inaccuracy (curse)
Regen    0.2/turn               p - +3 ring of dexterity
MPRegen  0.1/turn               (no ring)

@: slowed, very slow
A: fire resistance 1
a: Berserk, Trog's Hand, Burn Spellbooks, Renounce Religion


You were on level 3 of the Dungeon.
You worshipped Trog.
Trog was pleased with you.
You were hungry.

You visited 1 branch of the dungeon, and saw 3 of its levels.

You collected 153 gold pieces.

Inventory:

Hand Weapons
 a - a +0 hand axe (weapon)
Armour
 b - a +0 animal skin (worn)
 j - a +2 cloak (worn)
Jewellery
 f - a cursed amulet of inaccuracy (around neck)
 p - a +3 ring of dexterity (left hand)
Scrolls
 d - a scroll of fog
 e - a scroll of identify
 g - a scroll of enchant weapon
Comestibles
 c - 3 bread rations
 h - a chunk of flesh
 l - 2 fruits
 o - 2 royal jellies


   Skills:
 - Level 3.0 Fighting
 + Level 5.1 Axes
 - Level 1.7 Armour
 - Level 1.7 Dodging


You had 3 spell levels left.
You didn't know any spells.

Dungeon Overview and Level Annotations

Branches:
Dungeon (3/15)

Altars:
Yredelemnul


Innate Abilities, Weirdness & Mutations

Your flesh is heat resistant. (rF+)


Message History

You feel your anger subside.
You are no longer berserk.
You are exhausted.
You feel yourself slow down.
Unknown command.
The adder bites you. The adder bites you but does no damage.
The orc warrior barely misses you. The adder closely misses you.
The adder bites you but does no damage. The adder bites you but does no damage.
The orc warrior hits you from afar with a trident!
* * * LOW HITPOINT WARNING * * *
The adder barely misses you. The adder bites you.
* * * LOW HITPOINT WARNING * * *
There is a stone staircase leading up here.
The adder bites you but does no damage.
The orc warrior hits you from afar with a trident.
* * * LOW HITPOINT WARNING * * *
The adder bites you.
You die...

#.#......#########.......###
............................
#........#####..............
............#####.###..........
..........................#.... .
............####.###..........(
.. ....##..#.......##......#....
.. ...##..ogoS.#...............
###.###.##..#.##@#.####....##....
.....†...#..#.####.####....##....
.........o.......................
...<.....#..#..###.##############
.......#.#..#....#.#.....##.....#
.......#.#..##.#.###.....##.....#
.......#.#.....#.........##......
.......#.##.####.).......##.....#
.......#.##.........[............


You could see an orc warrior, an orc priest, an adder and a goblin.

Vanquished Creatures
  An orc priest (D:3)
  Crazy Yiuf (D:2)
  2 adders (D:2)
  A worm (D:1)
  A dart slug (D:1)
  A leopard gecko (D:1)
  An orc (D:3)
  4 ball pythons
  4 bats
  2 giant cockroaches (D:2)
  7 goblins
  4 hobgoblins
  A quokka (D:2)
  2 frilled lizards
  9 kobolds
  6 rats
47 creatures vanquished.

Notes
Turn   | Place    | Note
-------+----------+-------------------------------------------
     0 | D:1      | Alarkh the Demonspawn Berserker began the quest for the Orb.
     0 | D:1      | Reached XP level 1. HP: 18/18 MP: 1/1
   237 | D:1      | Reached skill level 3 in Axes
   525 | D:1      | Gained mutation: Your flesh is heat resistant. (rF+) [demonic ancestry]
   525 | D:1      | Reached XP level 2. HP: 22/24 MP: 2/2
  1563 | D:2      | Reached XP level 3. HP: 26/29 MP: 3/3
  1565 | D:2      | Reached ** piety under Trog
  1895 | D:2      | Found a runed door.
  1944 | D:2      | Reached skill level 4 in Axes
  2525 | D:2      | Found a basalt altar of Yredelemnul.
  2614 | D:2      | Noticed Crazy Yiuf
  2620 | D:2      | Killed Crazy Yiuf
  2620 | D:2      | Reached XP level 4. HP: 20/35 MP: 4/4
  3051 | D:3      | Noticed an orc warrior
  3059 | D:3      | Reached skill level 5 in Axes
  3071 | D:3      | Slain by an adder

Vault maps used:
D:1:      scummos_arrival_simple_fountains, minmay_misc_feat_doors
D:2:      yredelemnul_altar_generic, uniq_crazy_yiuf_cottage
D:3:      uniq_terence

Skill      XL: |  1  2  3  4 |
---------------+-------------+-----
Axes           | 3 4 5 |  5.1
Fighting       | |  3.0
Armour         | |  1.7
Dodging        | |  1.7

Action                   |  1- 3 |  4- 6 || total
-------------------------+-------+-------++-------
Melee: Hand axe          |   146 |    21 ||   167
Invok: Berserk           |     2 |     1 ||     3
  Use: Potion            |     2 |       ||     2
       Scroll            |       |     5 ||     5
  Eat: Chunk             |     6 |     3 ||     9
Armor: Animal skin       |    23 |     7 ||    30
Dodge: Dodged            |    88 |    18 ||   106
